 Dungeon Crawl Stone Soup version 0.30-a0-728-gc68057be0a (webtiles) character file.

Game seed: 14053723093367495938

12 Legacy the Trooper (level 2, -1/28 HPs)
             Began as a Minotaur Berserker on Jan 31, 2023.
             Was a Follower of Trog.
             Slain by a hobgoblin (3 damage)
             ... on level 1 of the Dungeon.
             The game lasted 00:00:51 (157 turns).

Legacy the Trooper (Minotaur Berserker)              Turns: 157, Time: 00:00:52

Health: -1/28      AC:  6    Str: 21    XL:     2   Next: 20%
Magic:  1/1        EV: 10    Int:  4    God:    Trog [*.....]
Gold:   7          SH:  0    Dex:  9    Spells: 1/1 levels left

rFire   . . .      SeeInvis .    a - +0 hand axe
rCold   . . .      Faith    .    (no shield)
rNeg    . . .      Spirit   .    c - +0 scale mail
rPois   .          Reflect  .    (helmet restricted)
rElec   .          Harm     .    (no cloak)
rCorr   .          Rampage  .    (no gloves)
Will    .....                    (no boots) Stlth
                                 (no amulet)
HPRegen 0.24/turn                (no ring)
MPRegen 0.07/turn                (no ring)

@: no status effects
A: horns 2, retaliatory headbutt
a: Renounce Religion, Berserk


You were on level 1 of the Dungeon.
You worshipped Trog.
Trog was aware of your devotion.
You visited 1 branch of the dungeon, and saw 1 of its levels.

You collected 7 gold pieces.

Inventory:

Hand Weapons
 a - a +0 hand axe (weapon)
Armour
 b - a +0 animal skin
 c - a +0 scale mail (worn)
Scrolls
 d - a scroll of enchant weapon {unknown}


   Skills:
 + Level 4.5 Fighting
 - Level 3.6 Axes
 - Level 2.4 Armour
 - Level 2.1 Dodging


You had one spell level left.
You didn't know any spells.
Your spell library was empty.

Dungeon Overview and Level Annotations

Branches:
Dungeon (1/15)

Altars:


Innate Abilities, Weirdness & Mutations

You have a pair of horns on your head.
You reflexively headbutt those who attack you in melee.


Message History

You hit the hobgoblin but do no damage.
The endoplasm hits you but does no damage.
The hobgoblin hits you but does no damage.
You hit the endoplasm.
The endoplasm is almost dead.
You hit the hobgoblin. x2; You hit the endoplasm but do no damage.
The endoplasm closely misses you. The endoplasm freezes you.
You are frozen.
The hobgoblin hits you but does no damage. x2
You hit the endoplasm but do no damage.
The endoplasm is almost dead.
You hit the endoplasm. You barely miss the hobgoblin.
You closely miss the hobgoblin. The endoplasm closely misses you.
The endoplasm hits you but does no damage.
The hobgoblin hits you but does no damage.
The hobgoblin hits you.
You hit the endoplasm.
You kill the endoplasm!
Trog accepts your kill.
You hit the endoplasm but do no damage. You closely miss the hobgoblin.
You hit the hobgoblin.
You kill the hobgoblin!
Trog accepts your kill. The endoplasm freezes you.
You are frozen.
* * * LOW HITPOINT WARNING * * *
The hobgoblin closely misses you. You furiously retaliate!
You headbutt the hobgoblin. The endoplasm hits you.
* * * LOW HITPOINT WARNING * * *
The hobgoblin barely misses you.
A bat comes into view.
The endoplasm freezes you.
You are frozen.
* * * LOW HITPOINT WARNING * * *
The hobgoblin hits you but does no damage.
The bat moves out of view.
You fail to use your ability.
The endoplasm barely misses you. The hobgoblin hits you.
You die...

#..###.....#
##......### ##.#...
#......##.........
##...............
..#####..........#...
.........##........#
..###...#......#....
##.......#....#
#...........@.#
#......?..?J.g#
#...#...####......#
##.##.........##....
... ##........# ##.
#### #........#
#.......!.
#........##
#........#


You could see an endoplasm and a hobgoblin.

Vanquished Creatures
  A dart slug (D:1)
  2 endoplasms (D:1)
  A giant cockroach (D:1)
  A hobgoblin (D:1)
  2 ball pythons (D:1)
  A bat (D:1)
  A frilled lizard (D:1)
  A goblin (D:1)
  A rat (D:1)
11 creatures vanquished.

Notes
Turn   | Place    | Note
-------+----------+-------------------------------------------
     0 | D:1      | Legacy the Minotaur Berserker began the quest for the Orb.
     0 | D:1      | Reached XP level 1. HP: 19/19 MP: 0/0
   112 | D:1      | Reached skill level 4 in Fighting
   130 | D:1      | Reached XP level 2. HP: 28/28 MP: 1/1
   156 | D:1      | HP: 1/28 [frozen (2)]
   157 | D:1      | Slain by a hobgoblin

Illustrated notes

Levels and vault maps discovered:
D:1:      minmay_arrival_cross, layout_rooms, dreamdust_princess_bridge,
          kennysheep_pointless_box

Skill      XL: |  1 |
---------------+----+-----
Fighting       | 4 |  4.5
Axes           | |  3.6
Armour         | |  2.4
Dodging        | |  2.1

Action                     || total
---------------------------++-------
  Melee: Hand axe          ||    19
         Headbutt          ||     3
 Armour: Scale mail        ||    17
  Dodge: Dodged            ||    19

Table legend: (Time is in decaauts)
 A = Elapsed time spent in this place.
 B = Non-inter-level travel time spent in this place.
 C = Inter-level travel time spent in this place.
 D = Time resting spent in this place.
 E = Time spent auto-exploring this place.
 F = Levels seen in this place.
 G = Mean time per level.
                   A        B        C        D        E       F      G
               +--------+--------+--------+--------+--------+-----+--------+
         Total |    159 |    159 |      0 |      0 |      0 |   1 |  159.0 |
       Dungeon |    159 |    159 |      0 |      0 |      0 |   1 |  159.0 |
               +--------+--------+--------+--------+--------+-----+--------+

Top non-repeatable levels by time:
     D:1: 159 daAuts
